 Dungeon Crawl Stone Soup version 0.19.0 (webtiles) character file.

65626 PrincessPwny the Fencer (level 14, -1/135 HPs)
             Began as a Minotaur Berserker on Nov 13, 2016.
             Was a High Priest of Trog.
             Slain by Nikola
             ... wielding a +4 rapier of electrocution
              (14 damage)
             ... on level 1 of the Elven Halls.
             The game lasted 01:10:50 (22985 turns).

PrincessPwny the Fencer (Minotaur Berserker)       Turns: 22985, Time: 01:10:51

Health: -1/135     AC: 25    Str: 23    XL:     14   Next: 76%
Magic:  13/13      EV: 19    Int:  4    God:    Trog [*****.]
Gold:   1491       SH:  0    Dex: 14    Spells: 0 memorised, 13 levels left

rFire  . . .     SeeInvis .     D - +4 double sword (elec)
rCold  . . .     Gourm    +     r - +0 plate armour
rNeg   . . .     Faith    .     (no shield)
rPois  .         Spirit   .     y - +2 hat
rElec  .         Reflect  .     I - +2 cloak
rCorr  .         Harm     .     E - +2 pair of gloves
MR     ++...                    (no boots)
Stlth  ..........               C - amulet of the gourmand
                                s - +5 ring of evasion
                                J - ring of protection from magic

@: exhausted, very slightly contaminated, slowed, very slow
A: retaliatory headbutt, horns 2
a: Berserk, Trog's Hand, Brothers in Arms, Burn Spellbooks, Renounce Religion


You were on level 1 of the Elven Halls.
You worshipped Trog.
Trog was extremely pleased with you.
You were not hungry.

You visited 5 branches of the dungeon, and saw 20 of its levels.

You collected 1795 gold pieces.
You spent 304 gold pieces at shops.

Inventory:

Hand Weapons
 a - a +2 antimagic triple sword
 i - a +5 quick blade
 D - a +4 double sword of electrocution (weapon)
 G - a +4 antimagic glaive
Armour
 r - a +0 plate armour (worn)
 y - a +2 hat (worn)
 E - a +2 pair of gloves (worn)
 I - a +2 cloak (worn)
Jewellery
 h - an uncursed ring of ice
 q - a +5 ring of intelligence
 s - a +5 ring of evasion (right hand)
 B - a +3 amulet of reflection {unknown}
 C - an amulet of the gourmand (around neck)
 J - a ring of protection from magic (left hand)
 T - an uncursed amulet of regeneration {unknown}
Wands
 w - a wand of disintegration (12/24)
 A - a wand of polymorph (7/24)
 H - a wand of flame (26/48)
 N - a wand of digging (16/24)
Scrolls
 t - 5 scrolls of fog
 x - 2 scrolls of remove curse {@r2}
 F - 2 scrolls of recharging
 L - a scroll of enchant armour
 O - a scroll of enchant weapon
Potions
 b - 3 potions of invisibility
 d - 3 potions of cancellation
 e - 3 potions of brilliance
 f - 2 potions of ambrosia
 j - 2 potions of mutation
 k - 8 potions of curing {@q1}
 l - 5 potions of flight
 m - 3 potions of haste {unknown}
 M - a potion of heal wounds
Comestibles
 c - 10 bread rations
 g - 5 slices of pizza
 n - 10 meat rations
 p - a chunk of flesh
 u - 6 royal jellies
 v - 7 fruits
 K - 10 beef jerkies


   Skills:
 + Level 15.1 Fighting
 - Level 16.8 Long Blades
 + Level 13.3 Armour
 * Level 13.1 Dodging
 - Level 6.7 Stealth


You had 13 spell levels left.
You didn't know any spells.

Dungeon Overview and Level Annotations

Branches:
Dungeon (12/15)            Temple (0/1) D:6            Lair (4/6) D:10
  Swamp (1/4) Lair:3       Spider (0/4) Lair:3          Orc (2/2) D:10
    Elf (1/3) Orc:2

Altars:
Elyvilon
Nemelex Xobeh
Trog
Beogh

Shops:
D:4 !   Orc:2 [%([::[[:   Elf:1 (

Annotations:
Lair:2 exclusion: 3 oklob plants
Elf:1 Nikola


Innate Abilities, Weirdness & Mutations

You reflexively headbutt those who attack you in melee.
You have a pair of horns on your head.


Message History

The arrow misses you.
The deep elf mage mumbles some strange words.
Nikola warns, "If you see one of my golems, approach with caution, they bite."
The fire elemental misses you.
You riposte.
You slash the fire elemental!
You headbutt the fire elemental, but do no damage.
The fire elemental is heavily damaged.
Found 15 stones.
You see here an arrow.
The deep elf mage gestures wildly while chanting.
Nikola hits you but does no damage.
You are electrocuted!
* * * LOW HITPOINT WARNING * * *
The fire elemental hits you. The fire elemental burns you!
* * * LOW HITPOINT WARNING * * *
The fire elemental hits you. The fire elemental burns you!
* * * LOW HITPOINT WARNING * * *
Some walls begin to move on their own!
The deep elf mage gestures wildly while chanting.
The fire elemental barely misses you. Nikola hits you but does no damage.
You are electrocuted!
You die...

##EEE########
#ee()#§......
#.EE§E∩.§§..#
#..e§...e.Y.##
##.e.§....e§Y##
......§..ee§Y##
.........§..§§.##
.$....?...§§§EE.####...
###...........E@@E...#
..........####.....
............... .e.
#.........$...... .
########.####..## #.#
..(. .# ##.. .# ....


You could see Nikola, a deep elf elementalist, 2 deep elf archers, a deep elf
knight, an earth elemental, a deep elf mage, 3 fire elementals and 3 ice beasts.

Vanquished Creatures
  Saint Roka (Orc:2)
  Agnes (Elf:1)
  A deep elf sorcerer (Elf:1)
  A hydra (Lair:4)
  Fannar (D:11)
  An ogre mage (Orc:2)
  A death knight (D:11)
  A tengu warrior (D:11)
  4 alligators (Swamp:1)
  2 dancing weapons (Elf:1)
  3 orc high priests (Orc:2)
  A deep elf knight (Elf:1)
  Urug (Lair:3)
  A deep troll (Orc:2)
  An unseen horror (D:9)
  3 hill giants
  A deep elf archer (Elf:1)
  4 orc knights (Orc:2)
  3 ugly things (D:11)
  9 deep elf magi (Elf:1)
  Pikel (D:7)
  A manticore (Lair:2)
  An orc sorcerer (Orc:2)
  An elephant (Lair:2)
  2 black mambas (Lair:4)
  Psyche (D:11)
  A gargoyle (D:11)
  2 molten gargoyles (Orc:2)
  8 spiny frogs
  3 centaur skeletons
  A rime drake (Lair:2)
  4 komodo dragons
  A queen bee (Lair:2)
  5 blink frogs (Lair:2)
  Prince Ribbit (D:7)
  6 trolls
  2 two-headed ogres (Orc:2)
  A hornet (Swamp:1)
  5 dream sheep (Lair:3)
  8 hippogriffs
  A spriggan (Swamp:1)
  An air elemental (Elf:1)
  2 wyverns
  2 wraiths
  32 yaks
  8 basilisks
  7 vampire mosquitoes
  A steam dragon (Lair:2)
  2 swamp worms (Swamp:1)
  5 wargs
  A swamp drake (Swamp:1)
  8 porcupines
  12 water moccasins
  A sky beast (D:11)
  40 orc warriors
  2 ice beasts
  2 slaves (D:7)
  4 phantoms
  10 ogres
  5 centaurs
  33 wolves
  4 crocodiles
  The ghost of darkdramon the Bolt Thrower, an amateur KoAM of Makhleb (D:3)
  2 big kobolds
  Blork the orc (D:6)
  A gnoll sergeant (Orc:2)
  5 bullfrogs
  2 wyvern zombies
  6 scorpions
  5 wights
  43 killer bees
  2 electric eels (D:11)
  5 howler monkeys
  2 crimson imps
  A centaur zombie (D:6)
  4 bullfrog zombies
  2 hounds
  4 jellies
  Crazy Yiuf (D:4)
  22 orc priests
  3 bullfrog skeletons
  35 orc wizards
  4 iguanas
  Jessica (D:2)
  8 hell rats (Lair:3)
  7 worker ants
  A hound skeleton (D:11)
  A worker ant zombie (D:11)
  13 adders
  8 gnolls
  20 river rats
  5 shadow imps
  An ooze (D:2)
  A dart slug (D:3)
  6 leopard geckos
  114 orcs
  8 bats
  9 giant cockroaches
  8 goblins
  5 hobgoblins
  16 jackals
  23 kobolds
  3 quokkas
  A ball python (D:4)
  5 frilled lizards
  A leopard gecko skeleton (D:7)
  2 quokka skeletons
  18 rats
  2 plants (D:1)
717 creatures vanquished.

Vanquished Creatures (collateral kills)
  3 hydras
  A black mamba (Lair:3)
  A spiny frog (Lair:3)
  A porcupine (Lair:3)
  A crocodile (Lair:3)
  A bullfrog (Lair:3)
8 creatures vanquished.

Vanquished Creatures (others)
  A bullfrog (D:7)
  2 killer bees (Lair:2)
  A gnoll (D:7)
  4 fungi
  A plant (Lair:2)
9 creatures vanquished.

Grand Total: 734 creatures vanquished

Notes
Turn   | Place    | Note
-------+----------+-------------------------------------------
     0 | D:1      | PrincessPwny the Minotaur Berserker began the quest for the Orb.
     0 | D:1      | Reached XP level 1. HP: 19/19 MP: 0/0
   150 | D:1      | Reached skill level 4 in Long Blades
   175 | D:1      | Reached XP level 2. HP: 21/26 MP: 1/1
   941 | D:2      | Noticed Jessica
   943 | D:2      | Killed Jessica
   943 | D:2      | Reached skill level 5 in Long Blades
   943 | D:2      | Reached XP level 3. HP: 31/31 MP: 2/2
   947 | D:2      | Reached ** piety under Trog
  1269 | D:2      | Reached XP level 4. HP: 38/39 MP: 3/3
  1278 | D:2      | Reached skill level 6 in Long Blades
  1752 | D:3      | You fall through a shaft for 2 floors!
  1752 | D:5      | Entered Level 5 of the Dungeon
  1764 | D:5      | Reached skill level 7 in Long Blades
  1764 | D:5      | Reached XP level 5. HP: 38/45 MP: 4/4
  2091 | D:3      | Noticed darkdramon's ghost (amateur KoAM)
  2105 | D:3      | Killed darkdramon's ghost
  2146 | D:3      | Reached skill level 8 in Long Blades
  2181 | D:3      | Reached *** piety under Trog
  2254 | D:3      | Reached XP level 6. HP: 35/51 MP: 5/5
  2861 | D:4      | Found a runed door.
  2865 | D:4      | Noticed Crazy Yiuf
  2880 | D:4      | Killed Crazy Yiuf
  2944 | D:4      | Reached skill level 9 in Long Blades
  3090 | D:4      | Found Cutynoq's Distillery.
  3578 | D:5      | Reached XP level 7. HP: 57/57 MP: 6/6
  3652 | D:5      | Reached skill level 10 in Long Blades
  3775 | D:5      | Got a bone war axe
  3776 | D:5      | Identified the +3 war axe of Fynizint {venom, rF+ Str+7} (You found it on level 5 of the Dungeon)
  4086 | D:6      | Reached **** piety under Trog
  4274 | D:6      | Noticed Blork the orc
  4285 | D:6      | Killed Blork the orc
  4312 | D:6      | Reached skill level 11 in Long Blades
  4775 | D:6      | Found a staircase to the Ecumenical Temple.
  4809 | D:6      | Reached XP level 8. HP: 66/66 MP: 7/7
  5101 | D:7      | Noticed a hippogriff
  5106 | D:7      | Killed a hippogriff
  5114 | D:7      | Noticed Prince Ribbit
  5129 | D:7      | Killed Prince Ribbit
  5129 | D:7      | Reached skill level 5 in Fighting
  5129 | D:7      | Reached skill level 12 in Long Blades
  5370 | D:7      | Noticed Pikel
  5444 | D:7      | Killed Pikel
  5444 | D:7      | Reached XP level 9. HP: 75/75 MP: 8/8
  5665 | D:7      | Reached skill level 5 in Armour
  6100 | D:8      | Found Jelyps's Food Shop.
  6129 | D:8      | Reached skill level 5 in Dodging
  6259 | D:8      | Reached skill level 13 in Long Blades
  6484 | D:8      | Reached ***** piety under Trog
  6941 | D:9      | Found a white marble altar of Elyvilon.
  7065 | D:9      | Killed an unseen horror
  7065 | D:9      | Reached XP level 10. HP: 69/86 MP: 9/9
  7339 | D:9      | You fall through a shaft for 3 floors!
  7579 | D:12     | Noticed a hill giant
  7606 | D:10     | Entered Level 10 of the Dungeon
  7623 | D:10     | Reached skill level 14 in Long Blades
  7671 | D:10     | Noticed a hill giant
  7680 | D:10     | Killed a hill giant
  7787 | D:10     | Found a staircase to the Lair.
  7824 | D:10     | Received a gift from Trog
  8043 | D:10     | Found a sparkling altar of Nemelex Xobeh.
  8837 | D:10     | Found a staircase to the Orcish Mines.
  9126 | D:11     | Reached XP level 11. HP: 97/97 MP: 10/10
  9132 | D:11     | Noticed a death knight
  9136 | D:11     | Noticed Fannar
  9145 | D:11     | Killed a death knight
  9154 | D:11     | Killed Fannar
  9752 | D:11     | Noticed Psyche
  9759 | D:11     | Killed Psyche
  9759 | D:11     | Received a gift from Trog
  9766 | D:11     | Reached skill level 10 in Fighting
 10222 | D:11     | Noticed a cyan ugly thing
 10232 | D:11     | Killed a cyan ugly thing
 10232 | D:11     | Reached skill level 10 in Armour
 10543 | D:11     | Noticed a tengu warrior
 10545 | D:11     | Noticed a hill giant
 10557 | D:11     | Killed a tengu warrior
 10585 | D:11     | Killed a hill giant
 10981 | D:11     | Noticed a red ugly thing
 10984 | D:11     | Noticed a red ugly thing
 10993 | D:11     | Killed a brown ugly thing
 10998 | D:11     | Killed a brown ugly thing
 10998 | D:11     | Reached skill level 10 in Dodging
 11183 | D:11     | Reached XP level 12. HP: 110/110 MP: 11/11
 11521 | Lair:1   | Entered Level 1 of the Lair of Beasts
 11851 | Lair:1   | Noticed an eight-headed hydra
 11858 | Lair:1   | Killed an eight-headed hydra
 12392 | Lair:2   | Received a gift from Trog
 12495 | Lair:2   | Reached ****** piety under Trog
 12897 | Lair:2   | Found a bloodstained altar of Trog.
 13118 | Lair:2   | Reached skill level 1 in Stealth
 13952 | Lair:3   | Reached XP level 13. HP: 116/119 MP: 12/12
 13983 | Lair:3   | Found a hole to the Spider Nest.
 14206 | Lair:3   | Found a staircase to the Swamp.
 14551 | Lair:3   | Reached skill level 15 in Long Blades
 14625 | Lair:3   | Noticed Urug
 14636 | Lair:3   | Killed Urug
 14904 | Lair:3   | Received a gift from Trog
 16790 | Orc:1    | Entered Level 1 of the Orcish Mines
 17059 | Orc:1    | Found a roughly hewn altar of Beogh.
 17309 | Orc:2    | Entered Level 2 of the Orcish Mines
 17309 | Orc:2    | Found a staircase to the Elven Halls.
 17309 | Orc:2    | Found Zuguugush's Book Boutique.
 17324 | Orc:2    | Reached skill level 16 in Long Blades
 17329 | Orc:2    | Received a gift from Trog
 17855 | Orc:2    | Found Miut's Antique Armour Shop.
 17864 | Orc:2    | Found a roughly hewn altar of Beogh.
 17946 | Orc:2    | Found Orickeof's Book Boutique.
 18004 | Orc:2    | Found a roughly hewn altar of Beogh.
 18027 | Orc:2    | Reached skill level 5 in Stealth
 18060 | Orc:2    | Found a roughly hewn altar of Beogh.
 18101 | Orc:2    | Found Zusytoan's Antique Armour Boutique.
 18116 | Orc:2    | Found a roughly hewn altar of Beogh.
 18205 | Orc:2    | Found a roughly hewn altar of Beogh.
 18227 | Orc:2    | Found Laolam's Book Shoppe.
 18331 | Orc:2    | Found a roughly hewn altar of Beogh.
 18332 | Orc:2    | Found Lituply's Weapon Emporium.
 18503 | Orc:2    | Received a gift from Trog
 18546 | Orc:2    | Found Neykax's Antique Armour Shoppe.
 18572 | Orc:2    | Reached XP level 14. HP: 132/132 MP: 13/13
 18575 | Orc:2    | Found Ogoqoj's Food Emporium.
 18631 | Orc:2    | Bought a runed cloak for 304 gold pieces
 18969 | Orc:2    | Noticed Saint Roka
 19570 | Orc:2    | Killed Saint Roka
 19570 | Orc:2    | Received a gift from Trog
 19717 | Orc:2    | Found a roughly hewn altar of Beogh.
 19717 | Orc:2    | Found Seocaukh's Antique Armour Shoppe.
 19721 | Orc:2    | Found Bem Wedee's Antique Weapon Emporium.
 20739 | Swamp:1  | Entered Level 1 of the Swamp
 21978 | Elf:1    | Entered Level 1 of the Elven Halls
 22569 | Elf:1    | Noticed Agnes
 22580 | Elf:1    | Killed Agnes
 22601 | Elf:1    | Received a gift from Trog
 22795 | Elf:1    | Reached skill level 15 in Fighting
 22949 | Elf:1    | Noticed a deep elf sorcerer
 22965 | Elf:1    | Killed a deep elf sorcerer
 22966 | Elf:1    | Found Seopn's Weapon Emporium.
 22966 | Elf:1    | Noticed a deep elf elementalist
 22982 | Elf:1    | Noticed Nikola
 22985 | Elf:1    | Slain by Nikola

Skill      XL: |  1  2  3  4  5  6  7  8  9 10 11 12 13 14 |
---------------+-------------------------------------------+-----
Long Blades    | 4 5 7 8 9 11 12 13 14 16 | 16.8
Armour         | 4 6 8 11 12 13 | 13.3
Fighting       | 5 7 9 11 12 14 15 | 15.1
Dodging        | 4 5 8 10 11 13 | 13.1
Stealth        | 2 5 6 |  6.7

Action                   |  1- 3 |  4- 6 |  7- 9 | 10-12 | 13-15 || total
-------------------------+-------+-------+-------+-------+-------++-------
Melee: Falchion          |   115 |   191 |   100 |       |       ||   406
       Headbutt          |    27 |    40 |    66 |   116 |   144 ||   393
       Long sword        |       |       |   188 |   274 |       ||   462
       Double sword      |       |       |       |   294 |   652 ||   946
Invok: Berserk           |     1 |     2 |     6 |    12 |    15 ||    36
       Brothers in Arms  |       |       |       |     1 |     3 ||     4
  Use: Scroll            |     3 |     4 |     2 |    18 |     9 ||    36
  Eat: Chunk             |     2 |    10 |    25 |    35 |    39 ||   111
Armor: Animal skin       |     8 |       |       |       |       ||     8
       Plate armour      |    33 |    87 |   123 |   271 |   264 ||   778
       Chain mail        |     2 |       |       |       |       ||     2
       Skin              |       |     8 |       |       |       ||     8
Dodge: Dodged            |    54 |    98 |   161 |   463 |   554 ||  1330
       Rpst.: Falchion   |    15 |    28 |     6 |       |       ||    49
       Long sword        |       |       |    29 |    37 |       ||    66
       Double sword      |       |       |       |    85 |   108 ||   193
